 Dungeon Crawl Stone Soup version 0.25-a0-41-g6cf4ce537d (webtiles) character file.

Game seed: 16190169109692746914, levelgen mode: deterministic

7116 Gargoyl the Cleaver (level 10, -33/88 HPs)
             Began as a Pale Draconian Abyssal Knight on Oct 21, 2019.
             Was a High Priest of Lugonu.
             Annihilated by an enormous slime creature (81 damage)
             ... on level 10 of the Dungeon.
             The game lasted 00:18:47 (13106 turns).

Gargoyl the Cleaver (DrAK)                         Turns: 13106, Time: 00:18:48

Health: -33/88     AC: 10    Str: 17    XL:     10   Next: 85%
Magic:  16/16      EV: 16    Int: 13    God:    Lugonu [*****.]
Gold:   360        SH:  0    Dex: 11    Spells: 9/9 levels left

rFire    + . .     SeeInvis .   F - +3 falchion (elec)
rCold    + . .     Gourm    .   (no shield)
rNeg     . . .     Faith    .   (armour unavailable)
rPois    .         Spirit   .   (helmet restricted)
rElec    .         Reflect  .   o - +1 cloak
rCorr    .         Harm     .   i - +0 pair of gloves
MR       .....                  (no boots)
Stlth    +.........             C - amulet of magic regeneration
HPRegen  0.24/turn              c - ring of protection from fire
MPRegen  0.40/turn              E - ring of protection from cold

@: short of breath
A: breathe steam, unfitting armour, cold-blooded, AC +7
a: Breathe Steam, Depart the Abyss, Bend Space, Banish, Corrupt, Enter the
Abyss, Renounce Religion


You were on level 10 of the Dungeon.
You worshipped Lugonu.
Lugonu was extremely pleased with you.
You were not hungry.

You visited 1 branch of the dungeon, and saw 10 of its levels.
You visited the Abyss 1 time.

You collected 470 gold pieces.
You spent 110 gold pieces at shops.

Inventory:

Hand Weapons
 a - a +1 hand axe
 r - a +3 war axe
 F - a +3 falchion of electrocution (weapon)
 G - a +1 hand axe of flaming
Missiles
 q - 4 silver boomerangs (quivered)
 u - 4 silver javelins
Armour
 i - a +0 pair of gloves (worn)
 o - a +1 cloak (worn)
Jewellery
 c - a ring of protection from fire (left hand)
 C - an amulet of magic regeneration (around neck)
 E - a ring of protection from cold (right hand)
Wands
 p - a wand of enslavement (18)
 z - a wand of flame (17)
 B - a wand of paralysis (6)
 H - a wand of iceblast (8)
Scrolls
 f - a scroll of identify
 g - 2 scrolls of blinking
 h - a scroll of immolation
 j - 4 scrolls of teleportation
 l - 5 scrolls of remove curse
 v - a scroll of fog
 y - 2 scrolls of magic mapping
 A - a scroll of enchant armour
 D - a scroll of fear
Potions
 d - 5 potions of curing
 e - 2 potions of might
 k - 2 potions of haste
 m - 3 potions of mutation
 n - a potion of magic
 s - 2 potions of brilliance
 t - 3 potions of flight
 w - a potion of heal wounds
 x - 2 potions of ambrosia {unknown}
Comestibles
 b - 20 rations


   Skills:
 + Level 7.7 Fighting
 + Level 1.3 Long Blades
 + Level 10.1 Axes
 + Level 1.0 Throwing
 * Level 8.8 Dodging
 * Level 8.2 Invocations


You had 9 spell levels left.
You didn't know any spells.
Your spell library contained the following spells:

 Spells                   Type           Power        Failure   Level  Hunger
 Magic Dart               Conj           #...         30%         1    ##.....
 Sandblast                Erth           #.....       30%         1    ##.....
 Blink                    Tloc           N/A          43%         2    ###....
 Call Imp                 Summ           #.......     43%         2    ###....
 Passwall                 Tmut/Erth      #.......     43%         2    ###....
 Slow                     Hex            #.......     43%         2    ###....
 Conjure Flame            Conj/Fire      #.......     67%         3    ####...
 Mephitic Cloud           Conj/Pois/Air  #.......     67%         3    ####...
 Stone Arrow              Conj/Erth      #.....       67%         3    ####...
 Petrify                  Tmut/Erth      #.......     97%         4    #####..
 Lee's Rapid Deconstruct  Erth           #.........   100%        5    ######.


Dungeon Overview and Level Annotations

Branches:
Dungeon (10/15)            Temple (0/1) D:5
   Lair: D:8-11         Orc: D:9-12

Altars:
Fedhas
Kikubaaqudgha
Makhleb
Vehumet
Wu Jian
The Shining One

Shops:
D:7 !

Annotations:
D:9 1 runed translucent door


Innate Abilities, Weirdness & Mutations

You can breathe blasts of scalding, opaque steam.
Your pale cyan-grey scales are hard. (AC +7)
You cannot fit into any form of body armour.
You are cold-blooded and may be slowed by cold attacks.


Message History

Press: ? - help, Shift-Dir - straight line, f/p - slime creature
Aim: a slime creature You exhale a blast of scalding steam.
The ball of steam hits the slime creature!
The slime creature is lightly wounded.
You feel somewhat more hungry.
Two slime creatures merge to form a large slime creature.
Two slime creatures merge to form a very large slime creature.
Unknown command.
You hit the very large slime creature.
The very large slime creature is lightly wounded.
The very large slime creature is engulfed in a cloud of scalding steam.
The very large slime creature hits you!!
The slime creature is engulfed in a cloud of scalding steam.
Two slime creatures merge to form an enormous slime creature.
Unknown command.
The enormous slime creature is engulfed in a cloud of scalding steam.
The enormous slime creature hits you!!!!
Ouch! That really hurt!
You die...

#...§.§# #......#.#.. #......#
#...)..#.#.. #....§.#
###......#.#.. #'# #.....(..#.#..
######## ##'#######....(####.#..
#......# #.................#.#..
#......####..........######......
'......'..............#..........
#......####....J@.....#.###......
#......# #...........#....<.....
#......# ######......######.....
#....>.# #.................
#......# #.....#######.....
######## ####### ######


You could see an enormous slime creature.

Vanquished Creatures
  A two-headed ogre (D:8)
  An elephant (shapeshifter) (D:10)
  A queen bee (D:8)
  A troll (D:9)
  A slime creature (D:10)
  A hippogriff (D:9)
  A wraith (D:7)
  A wyvern (D:10)
  A water moccasin (D:6)
  2 orc warriors
  4 black bears
  2 sky beasts
  A hornet zombie (D:9)
  3 phantoms
  3 ogres
  An ice beast (D:6)
  3 centaurs (D:10)
  A crocodile (D:7)
  A big kobold (D:10)
  6 bullfrogs
  2 elf skeletons (D:6)
  2 scorpions
  19 killer bees (D:8)
  A howler monkey (D:6)
  A crimson imp (D:9)
  2 centaur zombies
  3 jellies
  5 hounds
  11 orc priests
  8 orc wizards
  3 human skeletons (D:6)
  3 iguanas
  6 worker ants
  3 hound zombies
  2 hound skeletons
  2 worker ant zombies
  4 gnolls
  A howler monkey skeleton (D:7)
  6 adders
  2 shadow imps
  An ooze (D:5)
  An adder zombie (D:7)
  An adder skeleton (D:8)
  5 dart slugs
  8 leopard geckos
  29 orcs
  A ball python (D:2)
  9 bats
  9 giant cockroaches
  9 hobgoblins
  4 jackals (D:7)
  8 quokkas
  A ball python skeleton (D:4)
  10 frilled lizards
  12 goblins
  16 kobolds
  A leopard gecko skeleton (D:7)
  An orc zombie (D:6)
  2 quokka skeletons
  A quokka zombie (D:7)
  7 rats
258 creatures vanquished.

Vanquished Creatures (others)
  An orc warrior (D:5)
  A jelly (D:5)
  A gnoll (D:3)
  An orc (D:7)
4 creatures vanquished.

Grand Total: 262 creatures vanquished

Notes
Turn   | Place    | Note
-------+----------+-------------------------------------------
     0 | Abyss:1  | Gargoyl the Draconian Abyssal Knight began the quest for
                  | the Orb.
     0 | Abyss:1  | Reached XP level 1. HP: 19/19 MP: 2/2
    44 | Abyss:1  | Noticed an ancient zyme
    45 | D:1      | Escaped the Abyss
   199 | D:1      | Reached XP level 2. HP: 24/26 MP: 3/3
   203 | D:1      | Reached * piety under Lugonu
   929 | D:1      | Reached XP level 3. HP: 30/33 MP: 4/4
  1616 | D:2      | Reached ** piety under Lugonu
  2126 | D:2      | Reached XP level 4. HP: 36/40 MP: 4/6
  2474 | D:3      | Reached skill level 3 in Axes
  2683 | D:3      | Reached XP level 5. HP: 35/46 MP: 7/7
  3386 | D:3      | Reached *** piety under Lugonu
  4163 | D:5      | Entered Level 5 of the Dungeon
  4193 | D:5      | Found a staircase to the Ecumenical Temple.
  4211 | D:5      | Reached XP level 6. HP: 41/53 MP: 8/8
  4424 | D:5      | Reached skill level 4 in Axes
  5190 | D:6      | Noticed an orc warrior
  5208 | D:5      | Banished an orc warrior
  5789 | D:6      | Your scales start taking on a pale cyan-grey colour.
  5789 | D:6      | Reached XP level 7. HP: 59/60 MP: 8/10
  5813 | D:6      | Reached skill level 5 in Axes
  6258 | D:5      | Reached skill level 5 in Fighting
  6651 | D:6      | Reached skill level 6 in Axes
  6651 | D:6      | Reached XP level 8. HP: 60/68 MP: 11/11
  6652 | D:6      | Reached skill level 5 in Invocations
  7009 | D:6      | Reached skill level 5 in Dodging
  7478 | D:6      | Found a burning altar of Makhleb.
  7768 | D:7      | Found an ornate altar of the Wu Jian Council.
  7768 | D:7      | Found a blossoming altar of Fedhas.
  7783 | D:6      | Reached skill level 7 in Axes
  7833 | D:6      | Reached skill level 1 in Throwing
  7948 | D:7      | Reached **** piety under Lugonu
  7950 | D:7      | Found a radiant altar of Vehumet.
  8054 | D:7      | Found a glowing golden altar of the Shining One.
  8151 | D:7      | Reached XP level 9. HP: 42/75 MP: 13/13
  8312 | D:7      | Found an ancient bone altar of Kikubaaqudgha.
  8340 | D:7      | Found Komileun's Distillery.
  8343 | D:7      | Bought a potion of heal wounds for 50 gold pieces
  8343 | D:7      | Bought a potion of curing for 30 gold pieces
  8343 | D:7      | Bought a potion of curing for 30 gold pieces
  9076 | D:8      | Reached skill level 8 in Axes
  9582 | D:8      | Noticed a queen bee
  9688 | D:8      | Killed a queen bee
 10435 | D:8      | Noticed a two-headed ogre
 10444 | D:8      | Killed a two-headed ogre
 10444 | D:8      | Reached XP level 10. HP: 64/84 MP: 15/15
 10553 | D:8      | Reached skill level 9 in Axes
 11204 | D:9      | Found a runed translucent door.
 11204 | D:9      | Noticed a fire dragon
 11204 | D:9      | Noticed a fire dragon
 11204 | D:9      | Noticed a fire dragon
 11205 | D:9      | Found the +0 sword of Power
 11206 | D:9      | Noticed a fire dragon
 11206 | D:9      | Noticed a deep elf archer
 11206 | D:9      | Noticed a deep troll
 11784 | D:9      | Found a burning altar of Makhleb.
 12052 | D:10     | Entered Level 10 of the Dungeon
 12112 | D:10     | Noticed an elephant
 12112 | D:10     | a jumping spider changed into an elephant
 12119 | D:10     | Killed an elephant
 12411 | D:10     | Reached ***** piety under Lugonu
 12691 | D:10     | Reached skill level 1 in Long Blades
 12691 | D:10     | Reached skill level 10 in Axes
 13106 | D:10     | Annihilated by an enormous slime creature

Levels and vault maps discovered:
D:1:      denvon_arrival_waterhouse, layout_basic, minmay_nonomino_d4
D:2:      layout_loops_cross
D:3:      layout_basic, st_stairs_11
D:4:      layout_basic, first_ration
D:5:      layout_layer_cave, minmay_temple_entry_waves, grunt_tough_drop
D:6:      kennysheep_big_flooded_room, layout_basic, makhleb_heckhound_becter,
          nicolae_ossuary_entry_catacombs
D:7:      layout_cave_pools, grunt_temple_overflow_open, serial_shops,
          kennysheep_mini_moat, st_stairs_5
D:8:      layout_basic, david_nohive_1, kennysheep_generic_room_15
D:9:      minmay_gate_of_8, layout_basic, david_defended_altar_orc
D:10:     layout_basic

Skill      XL: |  1  2  3  4  5  6  7  8  9 10 |
---------------+-------------------------------+-----
Fighting       | 4 5 6 7 |  7.7
Dodging        | 3 4 5 7 8 |  8.8
Axes           | 3 4 6 7 8 10 | 10.1
Invocations    | 3 4 5 7 8 |  8.2
Throwing       | 1 |  1.0
Long Blades    | 1 |  1.3

Action                   |  1- 3 |  4- 6 |  7- 9 | 10-12 || total
-------------------------+-------+-------+-------+-------++-------
Melee: Hand axe          |   160 |    36 |       |    39 ||   235
       Tailslap          |    11 |    18 |    32 |    26 ||    87
       War axe           |       |   183 |   273 |    55 ||   511
       Falchion          |       |       |       |    62 ||    62
Throw: Boomerang         |       |       |     9 |     1 ||    10
Invok: Depart the Abyss  |     1 |       |       |       ||     1
       Banish            |       |     2 |       |       ||     2
       Bend Space        |       |       |     1 |       ||     1
 Abil: Breathe Steam     |       |       |    31 |    20 ||    51
Evoke: Wand              |       |       |     1 |       ||     1
  Use: Scroll            |     5 |    11 |     4 |     4 ||    24
 Stab: Sleeping          |     1 |       |     1 |       ||     2
  Eat: Chunk             |     3 |    10 |    15 |     7 ||    35
       Ration            |       |     1 |     1 |     1 ||     3
Armor: Skin              |    69 |   113 |   115 |    51 ||   348
Dodge: Dodged            |   142 |   171 |   304 |   115 ||   732
       Rpst.: Falchion   |       |       |       |    12 ||    12

Table legend:
 A = Non-vault XP
 B = Vault XP
 C = Vault XP percentage of total XP
 D = Non-vault monster count
 E = Vault monster count
 F = Vault count percentage of total count
                 A         B        C        D         E       F
            +---------+---------+-------+---------+---------+-------
      Total |    8227 |    1940 |  19.1 |     218 |      43 |  16.5
            +---------+---------+-------+---------+---------+-------
        D:1 |      46 |      12 |  20.7 |      25 |       6 |  19.4
        D:2 |     141 |       0 |   0.0 |      32 |       0 |   0.0
        D:3 |      91 |       6 |   6.2 |      25 |       3 |  10.7
        D:4 |      50 |       0 |   0.0 |       6 |       0 |   0.0
        D:5 |     510 |      39 |   7.1 |      16 |       2 |  11.1
        D:6 |    1208 |     472 |  28.1 |      27 |       9 |  25.0
        D:7 |     671 |      11 |   1.6 |      20 |       3 |  13.0
        D:8 |    1804 |    1275 |  41.4 |      21 |      17 |  44.7
        D:9 |    1220 |     125 |   9.3 |      17 |       3 |  15.0
       D:10 |    2486 |       0 |   0.0 |      29 |       0 |   0.0
            +---------+---------+-------+---------+---------+-------
